 Dungeon Crawl Stone Soup version 0.21.1-1-g345015f (webtiles) character file.

222 Fang the Chopper (level 5, -1/34 HPs)
             Began as a Gargoyle Berserker on June 7, 2018.
             Was a Believer of Trog.
             Killed from afar by an orc wizard (2 damage)
             ... with a puff of flame
             ... on level 4 of the Dungeon.
             The game lasted 00:02:28 (2814 turns).

Fang the Chopper (Gargoyle Berserker)               Turns: 2814, Time: 00:02:29

Health: -1/34      AC:  9    Str: 22    XL:     5   Next: 99%
Magic:  5/5        EV: 12    Int:  7    God:    Trog [**....]
Gold:   100        SH:  0    Dex:  9    Spells: 4/4 levels left

rFire    . . .     SeeInvis .   a - +0 hand axe
rCold    . . .     Gourm    .   (no shield)
rNeg     + . .     Faith    .   b - +0 animal skin
rPois    ∞         Spirit   .   (no helmet)
rElec    +         Reflect  .   (no cloak)
rCorr    .         Harm     .   (no gloves)
MR       .....                  (no boots)
Stlth    +.........             o - amulet of rage
HPRegen  0.11/turn              k - +3 ring of protection
MPRegen  0.09/turn              (no ring)

@: berserk cooldown, slowed, very slow
A: negative energy resistance 1, electricity resistance, unbreathing,
petrification resistance, rot immunity, AC +4
a: Berserk, Trog's Hand, Burn Spellbooks, Renounce Religion, Evoke Berserk Rage


You were on level 4 of the Dungeon.
You worshipped Trog.
Trog was pleased with you.
You were near starving.

You visited 1 branch of the dungeon, and saw 4 of its levels.

You collected 100 gold pieces.

Inventory:

Hand Weapons
 a - a +0 hand axe (weapon)
Armour
 b - a +0 animal skin (worn)
Jewellery
 k - a +3 ring of protection (left hand)
 o - an amulet of rage (around neck)
Wands
 s - a wand of scattershot (4)
Scrolls
 e - 4 scrolls of remove curse {unknown}
 f - a scroll of immolation {unknown}
 g - a scroll of random uselessness {unknown}
 h - 2 scrolls of magic mapping {unknown}
 j - 2 scrolls of enchant weapon {unknown}
 m - 2 scrolls of identify {unknown}
 q - a scroll of teleportation {unknown}
Potions
 d - a potion of ambrosia {unknown}
 i - 2 potions of curing {unknown}
 l - a potion of might {unknown}
 n - 3 potions of berserk rage {unknown}
 p - a potion of heal wounds {unknown}
 r - a potion of flight {unknown}
Comestibles
 c - 5 rations


   Skills:
 + Level 4.4 Fighting
 + Level 4.5 Axes
 + Level 2.3 Armour
 + Level 2.5 Dodging
 + Level 1.2 Stealth


You had 4 spell levels left.
You didn't know any spells.

Dungeon Overview and Level Annotations

Branches:
Dungeon (4/15)
 Temple: D:4-7

Altars:


Innate Abilities, Weirdness & Mutations

You are resistant to torment.
Your stone body is resilient. (AC +4)
You are immune to poison.
You resist negative energy. (rN+)
You are resistant to electric shocks. (rElec)
You can survive without breathing.
You are immune to petrification.
You are immune to rotting.


Message History

Something hits you but does no damage.
You hit something but do no damage. Something hits you but does no damage.
You miss something. Something hits you.
* * * LOW HITPOINT WARNING * * *
Something hits you but does no damage.
You hit something but do no damage.
You hear some strange, mumbled words.
A puff of flame appears from out of thin air!
The puff of flame hits you!
* * * LOW HITPOINT WARNING * * *
Something hits you but does no damage.
You slash something! Something hits you but does no damage.
You hit something but do no damage.
You hear some strange, mumbled words.
A magic dart appears from out of thin air!
The magic dart hits you!
You hear some strange, mumbled words.
A puff of flame appears from out of thin air!
The puff of flame hits you!
You die...

#.#
#.#
#.#
#.#
####.#
..#.#
#.#.#
##.#.#
#.[{@#
#.)###
.....
#.###.
.. #.
. #.
##


There were no monsters in sight!

Vanquished Creatures
  A scorpion (D:4)
  An orc priest (D:4)
  A centaur skeleton (D:4)
  Ijyb (D:3)
  2 adders
  3 worms (D:2)
  2 dart slugs (D:1)
  A leopard gecko (D:1)
  3 orcs (D:4)
  2 giant cockroaches
  4 goblins
  9 hobgoblins
  4 jackals (D:1)
  8 kobolds
  6 bats
  5 frilled lizards
  10 rats
63 creatures vanquished.

Notes
Turn   | Place    | Note
-------+----------+-------------------------------------------
     0 | D:1      | Fang the Gargoyle Berserker began the quest for the Orb.
     0 | D:1      | Reached XP level 1. HP: 14/14 MP: 1/1
    87 | D:1      | Reached XP level 2. HP: 14/19 MP: 2/2
   534 | D:1      | Reached XP level 3. HP: 24/24 MP: 3/3
   689 | D:1      | Reached ** piety under Trog
  1356 | D:2      | Reached XP level 4. HP: 20/29 MP: 4/4
  2363 | D:3      | Noticed Ijyb
  2377 | D:3      | Killed Ijyb
  2566 | D:4      | Reached XP level 5. HP: 27/33 MP: 5/5
  2599 | D:4      | Reached skill level 1 in Stealth
  2812 | D:4      | HP: 1/34 [something/puff of flame (6)]
  2814 | D:4      | Killed from afar by an orc wizard

Skill      XL: |  1  2  3  4  5 |
---------------+----------------+-----
Axes           | 3 4 |  4.5
Fighting       | 4 |  4.4
Dodging        | 2 |  2.5
Stealth        | 1 |  1.2
Armour         | |  2.3

Action                   |  1- 3 |  4- 6 || total
-------------------------+-------+-------++-------
Melee: Hand axe          |   137 |   128 ||   265
Invok: Berserk           |     1 |     2 ||     3
 Stab: Sleeping          |     1 |       ||     1
  Eat: Chunk             |     2 |     5 ||     7
Armor: Animal skin       |    50 |    63 ||   113
Dodge: Dodged            |   107 |    68 ||   175
